 Dungeon Crawl Stone Soup version 0.27-a0-1200-g94dc6ad (webtiles) character file.

Game seed: 15907573549165584223

575 Meow the Magician (level 7, -4/55 HPs)
             Began as a Naga Venom Mage on May 31, 2021.
             Slain by a wraith (9 damage)
             ... on level 7 of the Dungeon.
             The game lasted 00:15:33 (3548 turns).

Meow the Magician (Naga Venom Mage)                 Turns: 3548, Time: 00:15:33

Health: -4/55      AC:  5    Str: 10    XL:     7   Next: 35%
Magic:  9/14       EV:  9    Int: 18    God:
Gold:   218        SH:  0    Dex: 11    Spells: 7/16 levels left

rFire    . . .     SeeInvis +   a - +2 flail (protect)
rCold    . . .     Faith    .   (no shield)
rNeg     + . .     Spirit   .   l - +0 robe
rPois    +         Reflect  .   q - +0 helmet
rElec    .         Harm     .   (no cloak)
rCorr    .         Rampage  .   v - +0 pair of gloves
Will     .....                  (no barding)
Stlth    ++........             f - amulet of regeneration
HPRegen  1.18/turn              o - ring of positive energy
MPRegen  0.14/turn              (no ring)

@: slowed, very slow
A: AC +2, large, see invisible, deformed body, poison resistance, slowness 2,
spit poison 1, naga tail 1
a: Spit Poison


You were on level 7 of the Dungeon.
You visited 2 branches of the dungeon, and saw 6 of its levels.

You collected 218 gold pieces.

Inventory:

Hand Weapons
 a - a +2 flail of protection (weapon)
 b - a +0 hand crossbow
Missiles
 c - 56 poisoned darts
 e - 32 sling bullets
 j - 65 stones (quivered)
 k - 50 arrows
 r - 32 bolts
Armour
 l - a +0 robe (worn)
 q - a +0 helmet (worn)
 v - a +0 pair of gloves (worn)
 w - a +0 buckler
Jewellery
 f - an amulet of regeneration (around neck)
 o - a ring of positive energy (left hand)
 t - a ring of flight
Scrolls
 g - a scroll of vulnerability {unknown}
 h - 2 scrolls of summoning {unknown}
 i - a scroll of magic mapping {unknown}
 m - a scroll of brand weapon {unknown}
 n - a scroll of blinking {unknown}
 u - a scroll of enchant weapon {unknown}
Potions
 p - a potion of degeneration
 s - a potion of magic
 x - a potion of cancellation {unknown}


   Skills:
 - Level 1.5 Dodging
 - Level 3.0 Stealth
 * Level 1.1 Shields
 + Level 5.1 Spellcasting
 + Level 5.0 Conjurations
 - Level 1.0 Transmutations
 - Level 4.0 Poison Magic


You had 7 spell levels left.
You knew the following spells:

 Your Spells              Type           Power      Damage    Failure   Level
a - Sting                 Tmut/Pois      52%        1d5       4%          1
c - Mephitic Cloud        Conj/Pois/Air  15%        N/A       12%         3
A - Static Discharge      Conj/Air       13%        N/A       7%          2
C - Ignite Poison         Fire/Tmut/Pois 10%        N/A       21%         3

Your spell library contained the following spells:

 Spells                   Type           Power      Damage    Failure   Level
 Shock                    Conj/Air       52%        1d6       4%          1
 Poisonous Vapours        Pois/Air       22%        N/A       9%          2
 Animate Skeleton         Necr           8%         N/A       13%         1
 Apportation              Tloc           8%         N/A       13%         1
 Corona                   Hex            4%         N/A       13%         1
 Summon Small Mammal      Summ           16%        N/A       13%         1
 Olgreb's Toxic Radiance  Pois           19%        N/A       26%         4
 Swiftness                Air            4%         N/A       36%         3
 Lightning Bolt           Conj/Air       6%         1d18      77%         5
 Airstrike                Air            2%         N/A       78%         4


Dungeon Overview and Level Annotations

Branches:
Dungeon (4/15)             Temple (1/1) D:4

Altars:
Dithmenos
Fedhas
Makhleb
Nemelex Xobeh
Sif Muna
Uskayaw
Yredelemnul
Zin
The Shining One

Shops:
D:3 (   D:4 (

Annotations:
D:7 Pikel


Innate Abilities, Weirdness & Mutations

Your serpentine skin is tough. (AC +2)
You have supernaturally acute eyesight. (SInv)
Armour fits poorly on your strangely shaped body.
Your system is resistant to poisons. (rPois)
You cover ground very slowly.
You can spit poison.
You have a snake-like lower body.


Message History

The stinking cloud engulfs the lemure but does no damage.
The stinking cloud engulfs Pikel but does no damage.
The stinking cloud engulfs you but does no damage.
You hear a shout! x2
The wraith misses you.
The lemure is engulfed in noxious fumes.
The lemure appears confused.
Pikel is engulfed in noxious fumes.
The wraith hits you.
* * * LOW HITPOINT WARNING * * *
The wraith drains your vigour!
You feel as though you will be slow longer.
Your magical contamination has completely faded away.
Unknown command.
Pikel is engulfed in noxious fumes.
Pikel appears confused.
Pikel barely misses the wraith.
Pikel is engulfed in noxious fumes.
The wraith closely misses you.
Casting: Mephitic Cloud (dangerous; 12% risk of failure)
Confirm with . or Enter, or press ? or * to list all spells.
You ignite the poison in your surroundings!
Pikel asks, "Where am I?"
The wraith is engulfed in blazing flames.
The wraith hits you!
* * * LOW HITPOINT WARNING * * *
You closely miss the wraith.
The wraith is moderately damaged.
The wraith is engulfed in blazing flames.
The wraith hits you but does no damage.
Pikel is engulfed in blazing flames.
The wraith is engulfed in blazing flames.
The wraith closely misses you.
Unknown command.
Unknown command.
You closely miss the wraith.
The wraith is severely damaged.
The lemure shouts!
The wraith hits you!
* * * LOW HITPOINT WARNING * * *
The wraith drains your vigour!
You feel as though you will be slow longer.
Pikel barely misses the wraith.
The wraith hits you!
You die...

..5.. ...# ###
#.K. ..#
######.5# #.#
#......!# #.#
##..# ####.##
##...###.....
##....5##.##.#
............##@#
#.####...55○KW.#
# ##.########
#.# ..# ####


You could see Pikel (confused), a wraith and 2 lemures.

Vanquished Creatures
  Sigmund (D:3)
  2 bullfrogs
  A howler monkey (D:4)
  A jelly (D:4)
  A hound (D:4)
  2 orc priests (D:4)
  Robin (D:4)
  4 adders
  3 worms
  3 dart slugs
  3 orcs (D:4)
  2 endoplasms
  3 giant cockroaches
  19 goblins
  7 hobgoblins
  9 jackals
  6 kobolds
  2 quokkas (D:2)
  4 ball pythons
  6 bats
  4 rats
84 creatures vanquished.

Vanquished Creatures (others)
  17 fungi (D:4)
17 creatures vanquished.

Grand Total: 101 creatures vanquished

Notes
Turn   | Place    | Note
-------+----------+-------------------------------------------
     0 | D:1      | Meow the Naga Venom Mage began the quest for the Orb.
     0 | D:1      | Reached XP level 1. HP: 15/15 MP: 3/3
   375 | D:1      | Reached skill level 1 in Conjurations
   375 | D:1      | Reached XP level 2. HP: 22/22 MP: 3/5
  1130 | D:2      | Reached XP level 3. HP: 28/28 MP: 2/7
  1134 | D:2      | Learned a level 3 spell: Mephitic Cloud
  1138 | D:2      | Learned a level 3 spell: Ignite Poison
  1719 | D:2      | Found a faded altar of an unknown god.
  1739 | D:2      | Reached XP level 4. HP: 36/36 MP: 8/8
  2117 | D:3      | Noticed a bullfrog
  2127 | D:3      | Killed a bullfrog
  2128 | D:3      | Reached XP level 5. HP: 42/42 MP: 4/10
  2312 | D:3      | Noticed Sigmund
  2339 | D:3      | Killed Sigmund
  2340 | D:3      | Reached XP level 6. HP: 49/49 MP: 3/12
  2502 | D:3      | Found Karchenyve's Antique Weapon Shop.
  2652 | D:4      | Noticed Robin
  2880 | D:4      | Killed Robin
  2881 | D:4      | Reached XP level 7. HP: 55/55 MP: 7/14
  3169 | D:4      | Reached skill level 5 in Spellcasting
  3239 | D:4      | Found Eviog's Weapon Shop.
  3251 | D:4      | Found a staircase to the Ecumenical Temple.
  3265 | Temple   | Entered the Ecumenical Temple
  3474 | D:4      | Reached skill level 5 in Conjurations
  3488 | D:4      | You fall into a shaft and drop 3 floors!
  3498 | D:7      | Learned a level 2 spell: Static Discharge
  3514 | D:7      | Reached skill level 1 in Shields
  3516 | D:7      | Noticed a deep elf pyromancer
  3520 | D:7      | Noticed a fire elemental
  3522 | D:7      | Noticed a fire elemental
  3524 | D:7      | Noticed a fire elemental
  3532 | D:7      | Noticed a steam dragon
  3533 | D:7      | Noticed Pikel
  3533 | D:7      | Noticed a wraith
  3548 | D:7      | Slain by a wraith

Illustrated notes

Levels and vault maps discovered:
D:1:      dpeg_arrival_water_fire, layout_loops_ring
D:2:      layout_rooms, hellmonk_ecumenical_altar_inner_sanctum,
          minmay_misc_feat_secret_circle
D:3:      layout_basic, serial_shops, nicolae_shop_behind_doors, uniq_sigmund
D:4:      layout_loops_ring, minmay_temple_entry_statues_pillars, serial_shops,
          shop, serial_aquarium, aquarium_bridge_square
          [aquarium_subvault_window, aquarium_subvault_window,
          aquarium_subvault_balcony, aquarium_subvault_bridge],
          aquarium_bridge_straight [aquarium_subvault_bridge,
          aquarium_subvault_wall, aquarium_subvault_bridge,
          aquarium_subvault_wall], aquarium_window_fake, aquarium_window_2,
          aquarium_view_2f, aquarium_balcony_1a, nrook_loot_triangle, uniq_robin
D:7:      nzn_winding_woodlands_small [nzn_winding_woodlands_5x15_cabin,
          nzn_winding_woodlands_center_triple_pond,
          nzn_winding_woodlands_5x15_eye], layout_loops_corners,
          chequers_temple_overflow_statue_of_worship,
          chequers_serial_rivers_marsh, uniq_pikel
Temple:   compressed_dpeg_triangle_lava_temple

Skill      XL: |  1  2  3  4  5  6  7 |
---------------+----------------------+-----
Conjurations   | 1 2 3 4 5 |  5.0
Spellcasting   | 3 4 5 |  5.1
Shields        | 1 |  1.1
Dodging        | |  1.5
Stealth        | |  3.0
Transmutations | |  1.0
Poison Magic   | |  4.0

Action                   |  1- 3 |  4- 6 |  7- 9 || total
-------------------------+-------+-------+-------++-------
Melee: Mace              |     2 |       |       ||     2
       Quarterstaff      |       |    12 |       ||    12
       Flail             |       |    12 |    22 ||    34
 Fire: Hand crossbow     |       |       |     4 ||     4
Throw: Dart              |     2 |     4 |       ||     6
       Stone             |       |    11 |       ||    11
 Cast: Sting             |    27 |    20 |     7 ||    54
       Mephitic Cloud    |       |     7 |     7 ||    14
       Ignite Poison     |       |     2 |     3 ||     5
 Abil: Spit Poison       |    39 |    29 |    15 ||    83
  Use: Scroll            |       |     2 |     1 ||     3
       Potion            |       |       |     1 ||     1
Armor: Robe              |     5 |    14 |    14 ||    33
Dodge: Dodged            |    13 |    12 |    20 ||    45

Table legend: (Time is in decaauts)
 A = Elapsed time spent in this place.
 B = Non-inter-level travel time spent in this place.
 C = Inter-level travel time spent in this place.
 D = Time resting spent in this place.
 E = Time spent auto-exploring this place.
 F = Levels seen in this place.
 G = Mean time per level.
                   A        B        C        D        E       F      G
               +--------+--------+--------+--------+--------+-----+--------+
         Total |   4554 |   4437 |    117 |    635 |   2663 |   6 |  759.0 |
       Dungeon |   4272 |   4184 |     88 |    635 |   2412 |   5 |  854.4 |
        Temple |    281 |    252 |     29 |      0 |    250 |   1 |  281.0 |
               +--------+--------+--------+--------+--------+-----+--------+

Top non-repeatable levels by time:
     D:1: 1464 daAuts
     D:3: 1049 daAuts
     D:2: 927 daAuts
     D:4: 752 daAuts
  Temple: 281 daAuts
     D:7: 78 daAuts
